 Dungeon Crawl Stone Soup version 0.23.1-37-gaa34b87b72 (webtiles) character file.

Game seed: 1848421245320047945

27 Snaaty1 the Stinger (level 3, -2/28 HPs)
             Began as a Naga Venom Mage on Mar 27, 2019.
             Slain by a goblin
             ... wielding a +0 dagger
              (5 damage)
             ... on level 2 of the Dungeon.
             The game lasted 00:03:07 (1377 turns).

Snaaty1 the Stinger (Naga Venom Mage)               Turns: 1377, Time: 00:03:08

Health: -2/28      AC:  2    Str: 10    XL:     3   Next: 10%
Magic:  6/6        EV: 10    Int: 16    God:
Gold:   56         SH:  0    Dex: 11    Spells: 5/6 levels left

rFire    . . .     SeeInvis +   j - +3 dagger
rCold    . . .     Gourm    .   (no shield)
rNeg     . . .     Faith    .   a - +0 robe
rPois    +         Spirit   .   (no helmet)
rElec    .         Reflect  .   (no cloak)
rCorr    .         Harm     .   (no gloves)
MR       .....                  (no barding)
Stlth    ++........             (no amulet)
HPRegen  0.09/turn              (no ring)
MPRegen  0.10/turn              (no ring)

@: short of breath, very slow
A: large, see invisible, deformed body, poison resistance, slowness 2, slow
metabolism 1, spit poison 1, AC +1
a: Spit Poison


You were on level 2 of the Dungeon.
You were not hungry.

You visited 1 branch of the dungeon, and saw 2 of its levels.

You collected 56 gold pieces.

Inventory:

Hand Weapons
 j - a +3 dagger (weapon)
Missiles
 f - 67 stones (quivered)
Armour
 a - a +0 robe (worn)
Scrolls
 b - 3 scrolls of remove curse {unknown}
 e - 2 scrolls of identify {unknown}
 h - a scroll of enchant armour {unknown}
Potions
 g - 2 potions of invisibility {unknown}
Comestibles
 c - 3 rations


   Skills:
 + Level 1.7 Dodging
 + Level 3.6 Stealth
 + Level 2.1 Spellcasting
 + Level 1.2 Conjurations
 + Level 4.8 Poison Magic


You had 5 spell levels left.
You knew the following spells:

 Your Spells              Type           Power        Failure   Level  Hunger
a - Sting                 Conj/Pois      ##..         6%          1    #......

Your spell library contained the following spells:

 Spells                   Type           Power        Failure   Level  Hunger
 Poisonous Vapours        Pois/Air       #.....       12%         2    ###....
 Mephitic Cloud           Conj/Pois/Air  #.......     26%         3    ###....
 Olgreb's Toxic Radiance  Pois           ###.....     28%         4    #####..
 Venom Bolt               Conj/Pois      ##........   86%         5    ######.


Dungeon Overview and Level Annotations

Branches:
Dungeon (2/15)

Altars:


Innate Abilities, Weirdness & Mutations

You cannot wear boots.
Your serpentine skin is tough. (AC +1)
You have supernaturally acute eyesight. (SInv)
Armour fits poorly on your strangely shaped body.
Your system is resistant to poisons. (rPois)
You cover ground very slowly.
You have a slow metabolism.
You can spit poison.


Message History

A goblin comes into view. It is wielding a +0 dagger.
The goblin shouts!
You hear a shout!
The goblin hits you but does no damage.
An ogre comes into view. It is wielding a +0 giant club.
The goblin barely misses you.
You barely miss the goblin. The goblin hits you with a +0 dagger.
You hit the ogre.
The ogre is lightly wounded.
The goblin hits you with a +0 dagger. The ogre hits you with a +0 giant club!
Ouch! That really hurt!
* * * LOW HITPOINT WARNING * * *
Press: ? - help, Shift-Dir - straight line, f - ogre
Aim: an ogre, wielding a +0 giant club (lightly wounded)
The splash of poison hits the ogre.
The ogre is lightly wounded.
You feel slightly more hungry. The goblin hits you with a +0 dagger.
* * * LOW HITPOINT WARNING * * *
The goblin completely misses you. The ogre barely misses you.
The goblin hits you with a +0 dagger.
You die...

####.#.#....#####
<.........♣♣......
.##.#.#...PP...#
#.#...♣..# .
#..P...#
#####....!######
................
.########.##....##
.......@gO.......#
.########.##..%...
#.# ...#. ..# ...#
### ..# #


You could see an ogre and a goblin.

Vanquished Creatures
  A dart slug (D:1)
  2 leopard geckos
  2 bats (D:1)
  A giant cockroach (D:1)
  2 hobgoblins (D:1)
  7 goblins (D:1)
  2 kobolds (D:1)
  5 rats (D:1)
22 creatures vanquished.

Notes
Turn   | Place    | Note
-------+----------+-------------------------------------------
     0 | D:1      | Snaaty1 the Naga Venom Mage began the quest for the Orb.
     0 | D:1      | Reached XP level 1. HP: 15/15 MP: 3/3
   282 | D:1      | Reached XP level 2. HP: 6/22 MP: 1/5
  1108 | D:1      | Reached XP level 3. HP: 22/28 MP: 4/6
  1372 | D:2      | Noticed an ogre
  1377 | D:2      | Slain by a goblin

Action                   || total
-------------------------++-------
Melee: Dagger            ||    11
       Mace              ||    12
 Cast: Sting             ||    13
 Abil: Spit Poison       ||     5
 Stab: Sleeping          ||     4
  Eat: Chunk             ||     1
Armor: Robe              ||     5
Dodge: Dodged            ||    29
